 Dungeon Crawl Stone Soup version 0.18.1-50-g88ac8fd (webtiles) character file.

3935 epen the Martial Artist (level 10, -2/80 HPs)
             Began as a Merfolk Monk on Sept 15, 2016.
             Was an Elder of Cheibriados.
             Slain by an unseen horror (10 damage)
             ... on level 8 of the Dungeon.
             The game lasted 00:14:28 (9758 turns).

epen the Martial Artist (Merfolk Monk)              Turns: 9758, Time: 00:14:29

Health: -2/80      AC:  8    Str: 20    XL:     10   Next: 21%
Magic:  13/13      EV: 25    Int: 26    God:    Cheibriados [****..]
Gold:   356        SH:  0    Dex: 28    Spells: 1 memorised, 5 levels left

rFire  . . .     SeeInvis .       - Unarmed
rCold  . . .     Gourm    .     f - +3 leather armour
rNeg   . . .     Faith    .     (no shield)
rPois  +         Spirit   .     (no helmet)
rElec  .         Dismiss  .     (no cloak)
rCorr  .         Reflect  .     y - +1 pair of gloves
SustAt .         Harm     .     (no boots)
MR     .....                    (no amulet)
Stlth  +++.......               z - ring of poison resistance
                                w - +6 ring of intelligence

@: very slow, not resistant to hostile enchantments, fairly stealthy
A: change form in water, swift swim, repulsion field 1, blink
a: Blink, Bend Time, Temporal Distortion, Slouch, Renounce Religion


You were on level 8 of the Dungeon.
You worshipped Cheibriados.
Cheibriados was greatly pleased with you.
You were not hungry.

You visited 1 branch of the dungeon, and saw 8 of its levels.
You also visited: Sewer.

You collected 356 gold pieces.

Inventory:

Armour
 f - a +3 leather armour (worn)
 h - a +2 shield
 y - a +1 pair of gloves (worn)
Jewellery
 d - a +5 ring of intelligence
 g - an uncursed ring of fire
 t - an uncursed ring of positive energy
 w - a +6 ring of intelligence (left hand)
 z - a ring of poison resistance (right hand)
Wands
 j - a wand of flame (34/48)
 k - a wand of lightning (3/15)
 q - a wand of lightning (8/15)
 r - a wand of random effects (32/48)
 s - a wand of iceblast (6/15)
 x - a wand of iceblast (8/15)
 D - a wand of lightning (6/15)
Scrolls
 e - 5 scrolls of identify
 i - a scroll of amnesia
 l - 4 scrolls of magic mapping
 n - a scroll of fog
 u - a scroll of remove curse
Potions
 m - a potion of might
 o - 2 potions of curing
 p - a potion of berserk rage {unknown}
 A - 2 potions of agility
Books
 a - a book of Ice

   Spells                             Type                      Level
   a - Ice Form                       Ice/Transmutation            4
   b - Metabolic Englaciation         Hexes/Ice                    5
   c - Ozocubu's Refrigeration        Ice                          6
   d - Bolt of Cold                   Conjuration/Ice              6
   e - Freezing Cloud                 Conjuration/Ice/Air          6
   f - Simulacrum                     Ice/Necromancy               6
Comestibles
 b - 7 bread rations
 v - a beef jerky
 B - 2 meat rations


   Skills:
 + Level 8.2 Fighting
 + Level 9.9 Dodging
 - Level 2.1 Stealth
 + Level 11.0 Unarmed Combat
 + Level 2.7 Transmutations
 * Level 4.8 Invocations


You had 5 spell levels left.
You knew the following spells:

 Your Spells              Type           Power        Failure   Level  Hunger
a - Ice Form              Ice/Trmt       #.......     88%         4    #####..


Dungeon Overview and Level Annotations

Branches:
Dungeon (8/15)             Temple (0/1) D:7
   Lair: D:8-11

Altars:
Cheibriados
Dithmenos
Fedhas
Sif Muna
Xom
Zin
The Shining One

Shops:
D:4 %

Annotations:
D:3 epen's ghost, amateur MfMo
D:5 epen's ghost, amateur MfMo


Innate Abilities, Weirdness & Mutations

You revert to your normal form in water.
You are very nimble and swift while swimming.
You are surrounded by a mild repulsion field (EV +2).
You can translocate small distances at will.


Message History

You see here 2 needles of sleeping.
Drink which item? (? for menu, Esc to quit)
You feel better. Something hits you.
* * * LOW HITPOINT WARNING * * *
Something hits you but does no damage. Something hits you!
* * * LOW HITPOINT WARNING * * *
Things that are here:
10 poisoned needles; 6 mutagenic chunks of flesh You close the door.
Something hits you but does no damage.
You start resting.
Something hits you but does no damage. Something misses you.
You see here a dagger.
You closely miss something. Something hits you but does no damage.
Something hits you.
* * * LOW HITPOINT WARNING * * *
You open the door. Something hits you.
* * * LOW HITPOINT WARNING * * *
Something hits you!
You die...

.....#.......#####..#..#..###
.....##....#.#......#..#.....
...........#.#......#..#.....
##...###.#.#.#..#####..#####.
...........#.#......#..#
.#...###.#.#.#.....(#..#
.#...# #....>#####..#..#
...#.#######.#!.[#..#..#
##.#....# #.#[|@#..#..#
#.####.# #.#(.('..#..# #.#
#.# #.########..##########
#.# #.#
#.#................... #.#
#.# #.#.##################
#.# #.# #.#)# #.####.# #...#
#......# ##### ########


There were no monsters in sight!

Vanquished Creatures
  A water moccasin (D:8)
  Duvessa (D:6)
  3 orc warriors
  An ice beast (D:5)
  A phantom (D:6)
  3 sky beasts
  3 ogres
  A necrophage (D:7)
  A centaur (D:6)
  6 giant frogs
  Dowan (D:6)
  3 scorpions
  5 killer bees (D:7)
  A wight (D:8)
  A jelly (D:6)
  2 crimson imps
  2 centaur zombies (D:8)
  A giant frog zombie (D:6)
  A wasp zombie (D:8)
  A hound (D:5)
  10 orc wizards
  2 giant frog skeletons
  2 orc priests
  A centaur skeleton (D:5)
  Jessica (D:3)
  A gnoll shaman (D:6)
  2 iguanas
  Ijyb (D:3)
  4 worker ants
  A killer bee zombie (D:7)
  2 hound skeletons
  A howler monkey zombie (D:6)
  9 gnolls
  2 river rats (D:3)
  9 adders
  3 shadow imps
  3 oozes
  An adder zombie (D:8)
  An adder skeleton (D:6)
  6 worms
  A dart slug (D:4)
  6 giant geckos
  34 orcs
  5 ball pythons
  5 bats
  5 giant cockroaches
  8 hobgoblins
  8 jackals
  6 quokkas
  A giant gecko skeleton (D:4)
  12 giant newts
  9 goblins
  7 kobolds
  A quokka zombie (D:8)
  15 rats
224 creatures vanquished.

Notes
Turn   | Place    | Note
--------------------------------------------------------------
     0 | D:1      | epen the Merfolk Monk began the quest for the Orb.
     0 | D:1      | Reached XP level 1. HP: 18/18 MP: 1/1
   360 | D:1      | Reached XP level 2. HP: 14/24 MP: 2/2
   903 | D:2      | Reached XP level 3. HP: 23/29 MP: 3/3
   913 | D:2      | Found a shimmering altar of Xom.
  1022 | D:2      | Reached skill level 5 in Unarmed Combat
  1361 | D:2      | Reached XP level 4. HP: 36/37 MP: 4/4
  1755 | D:3      | Noticed epen's ghost (amateur MfMo)
  1844 | D:3      | Reached skill level 5 in Dodging
  1851 | D:3      | Reached XP level 5. HP: 31/42 MP: 5/5
  1910 | D:3      | Noticed Ijyb
  1927 | D:3      | HP: 1/43 [orc priest/divine providence (14)]
  1930 | D:3      | Gained mutation: You are robust (+10% HP). [potion of beneficial mutation]
  1936 | D:3      | Killed Ijyb
  1941 | D:3      | Reached skill level 6 in Unarmed Combat
  1967 | D:3      | Reached XP level 6. HP: 27/53 MP: 6/6
  2044 | D:3      | Found a shadowy altar of Dithmenos.
  2050 | D:3      | Noticed Jessica
  2056 | D:3      | Killed Jessica
  2087 | D:3      | Found a glowing drain.
  2099 | Sewer    | Entered a sewer
  3800 | D:4      | Reached skill level 5 in Fighting
  4009 | D:4      | Reached XP level 7. HP: 44/61 MP: 7/7
  4113 | D:4      | Reached skill level 7 in Unarmed Combat
  4413 | D:4      | Found Juck's Food Boutique.
  4825 | D:5      | Entered Level 5 of the Dungeon
  5264 | D:5      | Noticed epen's ghost (amateur MfMo)
  5565 | D:5      | Reached skill level 8 in Unarmed Combat
  5565 | D:5      | Reached XP level 8. HP: 50/70 MP: 8/8
  5668 | D:5      | Found a deep blue altar of Sif Muna.
  6438 | D:6      | Noticed Duvessa
  6445 | D:6      | Noticed Dowan
  6484 | D:7      | HP: 2/70 [giant frog skeleton (6)]
  6490 | D:7      | Lost mutation: You are robust (+10% HP). [potion of cure mutation]
  6503 | D:7      | Reached skill level 9 in Unarmed Combat
  6531 | D:7      | Gained mutation: You can translocate small distances at will. [mutagenic meat]
  6532 | D:7      | Gained mutation: You are surrounded by a mild repulsion field (EV +2). [mutagenic meat]
  6573 | D:6      | Killed Duvessa
  6579 | D:6      | Killed Dowan
  6857 | D:6      | Reached XP level 9. HP: 69/72 MP: 9/9
  7208 | D:6      | Found a blossoming altar of Fedhas.
  7211 | D:6      | Found a glowing silver altar of Zin.
  7214 | D:6      | Found a glowing golden altar of the Shining One.
  7277 | D:7      | Found a snail-covered altar of Cheibriados.
  7573 | D:7      | Reached skill level 10 in Unarmed Combat
  7589 | D:7      | Became a worshipper of Cheibriados the Contemplative
  7589 | D:7      | Reached * piety under Cheibriados
  7589 | D:7      | Reached ** piety under Cheibriados
  7679 | D:7      | Found a staircase to the Ecumenical Temple.
  7798 | D:7      | Got a faintly glowing plate armour
  8126 | D:7      | Identified the cursed +1 plate armour of Buustruri {Dex+5} (You found it on level 7 of the Dungeon)
  8226 | D:8      | Reached skill level 1 in Invocations
  8483 | D:8      | Reached *** piety under Cheibriados
  9032 | D:8      | Learned a level 4 spell: Ice Form
  9129 | D:8      | Reached skill level 1 in Transmutations
  9129 | D:8      | Reached XP level 10. HP: 70/80 MP: 11/13
  9472 | D:8      | Reached **** piety under Cheibriados
  9626 | D:8      | Reached skill level 11 in Unarmed Combat
  9758 | D:8      | Slain by an unseen horror

Skill      XL: |  1  2  3  4  5  6  7  8  9 10 |
---------------+-------------------------------+-----
Unarmed Combat | 5 6 8 9 10 11 | 11.0
Fighting       | 4 5 7 8 |  8.2
Dodging        | 5 6 7 8 9 |  9.9
Invocations    | 4 |  4.8
Transmutations | 1 2 |  2.7
Stealth        | |  2.1

Action                   |  1- 3 |  4- 6 |  7- 9 | 10-12 || total
-------------------------+-------+-------+-------+-------++-------
Melee: Unarmed           |   120 |   299 |   543 |    50 ||  1012
       Punch             |     4 |     6 |    32 |     7 ||    49
       Tailslap          |       |     9 |       |       ||     9
  Use: Potion            |       |     6 |     6 |     2 ||    14
       Scroll            |       |     2 |    10 |       ||    12
 Stab: Sleeping          |     3 |     8 |     5 |       ||    16
       Distracted        |       |     2 |       |       ||     2
  Eat: Chunk             |     1 |     9 |    16 |     1 ||    27
Armor: Ring mail         |    30 |    34 |       |       ||    64
       Leather armour    |       |    33 |   107 |    17 ||   157
Dodge: Dodged            |    85 |   230 |   519 |    56 ||   890
